 Dungeon Crawl Stone Soup version 0.20.1-1-g8b1a95d (webtiles) character file.

896 vineage the Shield-Bearer (level 8, -8/93 HPs)
             Began as a Formicid Fighter on Sept 16, 2017.
             Mangled by Menkaure (9 damage)
             ... on level 5 of the Dungeon.
             The game lasted 00:07:27 (3481 turns).

vineage the Shield-Bearer (Formicid Fighter)        Turns: 3481, Time: 00:07:28

Health: -8/93      AC: 24    Str: 28    XL:     8   Next: 28%
Magic:  8/8        EV:  2    Int:  7    God:
Gold:   177        SH: 11    Dex: 11    Spells: 7/7 levels left

rFire    . . .     SeeInvis .   a - +0 long sword
rCold    . . .     Gourm    .   c - +0 shield
rNeg     + + +     Faith    .   (armour currently unavailable)
rPois    +         Spirit   .   (helmet unavailable)
rElec    .         Reflect  .   (cloak currently unavailable)
rCorr    .         Harm     .   (gloves currently unavailable)
MR       .....                  (boots currently unavailable)
Stlth    ++........             (no amulet)
Regen    0.3/turn               m - +5 ring of evasion
MPRegen  0.2/turn               (no ring)

@: mighty, tree-form
A: permanent stasis, dig shafts and tunnels, four strong arms
a: no special abilities


You were on level 5 of the Dungeon.
You were not hungry.
You were a tree.
You visited 2 branches of the dungeon, and saw 6 of its levels.
You also visited: Ossuary.

You collected 177 gold pieces.

Inventory:

Hand Weapons
 a - a +0 long sword (weapon)
Armour
 b - a +0 scale mail
 c - a +0 shield (worn)
 i - a scarf of repulsion (melded)
 k - a +0 pair of gloves (melded)
 o - quicksilver dragon scales (melded)
Jewellery
 m - a +5 ring of evasion (left branch)
Wands
 l - a wand of polymorph (2/24)
 p - a wand of random effects (30/48)
Scrolls
 e - a scroll of identify
 h - 2 scrolls of remove curse
 q - a scroll of teleportation
Potions
 g - a potion of lignification
 r - a potion of heal wounds {unknown}
 s - a potion of berserk rage {unknown}
 t - a potion of degeneration {unknown}
 v - 2 potions of flight {unknown}
 w - a potion of curing
 x - a potion of ambrosia {unknown}
 z - a potion of resistance {unknown}
 A - a potion of mutation {unknown}
Comestibles
 f - 4 bread rations
 j - 2 royal jellies
 n - 2 meat rations


   Skills:
 + Level 5.0 Fighting
 + Level 5.7 Long Blades
 + Level 4.5 Armour
 + Level 2.1 Dodging
 + Level 1.3 Stealth
 + Level 6.4 Shields


You had 7 spell levels left.
You didn't know any spells.

Dungeon Overview and Level Annotations

Branches:
Dungeon (5/15)             Temple (1/1) D:4

Altars:
Ashenzari
Cheibriados
Dithmenos
Elyvilon
Fedhas
Gozag
Hepliaklqana
Kikubaaqudgha
Makhleb
Nemelex Xobeh
Okawaru
Qazlal
Trog
Uskayaw
Vehumet
Xom
Yredelemnul
Zin
The Shining One

Shops:
D:5 !

Annotations:
D:5 Menkaure


Innate Abilities, Weirdness & Mutations

You cannot be hasted, slowed, berserked, paralysed or teleported.
You can dig through walls and to a lower floor.
Your four strong arms can wield two-handed weapons with a shield.
((You have a pair of large antennae on your head. (SInv)))


Message History

Your body is wracked with pain!
The iguana convulses!
You are too injured to fight recklessly!
You barely miss Menkaure.
Menkaure is heavily damaged.
You block Menkaure's attack.
You feel better. The phantom completely misses you.
You riposte.
You closely miss the phantom. Menkaure hits you!!
* * * LOW HITPOINT WARNING * * *
You feel very mighty all of a sudden. You block the phantom's attack.
Menkaure hits you!
* * * LOW HITPOINT WARNING * * *
You turn into a tree.
Your scarf of repulsion melds into your body.
Your +0 pair of gloves melds into your body.
Your quicksilver dragon scales melds into your body.
The haze of the repulsion field disappears.
Your roots penetrate the ground.
You block the phantom's attack.
The iguana bites you but does no damage.
Menkaure hits you!
You die...

..............
....#........
..!........ #
#........ #.
#.......#+#
#.##.......'∩+
####.......%?.#M#
#...........(..♣##
..............lW#
#................#
###....#####.....# #.
#......####....#
#...#...........#....
#...<....####.......
###.#..#..# .......
#.##......


You could see a phantom, Menkaure and an iguana.

Vanquished Creatures
  Grinder (D:4)
  A wraith (Ossuary)
  Blork the orc (D:4)
  A bullfrog (D:3)
  A scorpion (D:4)
  2 howler monkeys (D:4)
  A hound (D:4)
  Jessica (D:3)
  Terence (D:3)
  2 worker ants (D:4)
  A mummy (Ossuary)
  5 adders
  An ooze (D:1)
  3 worms
  2 dart slugs
  2 leopard geckos
  3 orcs
  6 giant cockroaches
  5 goblins
  12 hobgoblins
  6 jackals
  7 kobolds
  3 quokkas
  9 bats
  A frilled lizard (D:2)
  7 gnoll skeletons (Ossuary)
  5 kobold skeletons (Ossuary)
  13 orc skeletons (Ossuary)
  7 rats
110 creatures vanquished.

Vanquished Creatures (others)
  A human (D:2)
1 creature vanquished.

Grand Total: 111 creatures vanquished

Notes
Turn   | Place    | Note
-------+----------+-------------------------------------------
     0 | D:1      | vineage the Formicid Fighter began the quest for the Orb.
     0 | D:1      | Reached XP level 1. HP: 18/18 MP: 1/1
    55 | D:1      | Reached XP level 2. HP: 23/24 MP: 2/2
    70 | D:1      | Reached skill level 4 in Shields
   130 | D:1      | Reached XP level 3. HP: 17/29 MP: 3/3
   513 | D:2      | Reached XP level 4. HP: 31/36 MP: 4/4
   536 | D:2      | Found a white marble altar of Elyvilon.
   767 | D:2      | Found a faded altar of an unknown god.
   767 | D:2      | Found a basalt altar of Yredelemnul.
   773 | D:2      | Found a bloodstained altar of Trog.
   787 | D:2      | Found a faded altar of an unknown god.
   789 | D:2      | Found a glowing golden altar of the Shining One.
   996 | D:2      | Found a burning altar of Makhleb.
  1009 | D:2      | Found a radiant altar of Vehumet.
  1264 | D:2      | Found an ancient bone altar of Kikubaaqudgha.
  1265 | D:2      | Noticed a human
  1267 | D:2      | Killed a human
  1313 | D:3      | Noticed Terence
  1331 | D:3      | Killed Terence
  1331 | D:3      | Reached XP level 5. HP: 35/42 MP: 5/5
  1355 | D:3      | Reached skill level 5 in Shields
  1474 | D:3      | Noticed a bullfrog
  1484 | D:3      | Killed a bullfrog
  1484 | D:3      | Reached skill level 1 in Dodging
  1509 | D:3      | Noticed Jessica
  1516 | D:3      | Reached XP level 6. HP: 48/48 MP: 6/6
  1531 | D:3      | Killed Jessica
  1714 | D:4      | Noticed Grinder
  1741 | D:4      | Killed Grinder
  1741 | D:4      | Reached skill level 1 in Stealth
  1741 | D:4      | Reached XP level 7. HP: 45/55 MP: 7/7
  1792 | D:4      | Found a sand-covered staircase.
  1807 | Ossuary  | Entered an ossuary
  1807 | Ossuary  | Noticed a wraith
  1807 | Ossuary  | Noticed a wraith
  1807 | Ossuary  | Noticed a wraith
  2057 | Ossuary  | Noticed a wraith
  2106 | Ossuary  | Killed a wraith
  2106 | Ossuary  | Reached skill level 5 in Long Blades
  2106 | Ossuary  | Reached skill level 6 in Shields
  2191 | D:4      | Reached XP level 8. HP: 28/61 MP: 8/8
  2464 | D:4      | Found a blossoming altar of Fedhas.
  2507 | D:4      | Reached skill level 5 in Fighting
  2872 | D:4      | Found a staircase to the Ecumenical Temple.
  2923 | Temple   | Entered the Ecumenical Temple
  3286 | D:4      | Noticed Blork the orc
  3306 | D:4      | Killed Blork the orc
  3459 | D:5      | Entered Level 5 of the Dungeon
  3466 | D:5      | Noticed Menkaure
  3473 | D:5      | Found Ucsost's Distillery.
  3480 | D:5      | HP: 1/62 [Menkaure (12)]
  3481 | D:5      | Mangled by Menkaure

Skill      XL: |  1  2  3  4  5  6  7  8 |
---------------+-------------------------+-----
Shields        | 4 5 6 |  6.4
Fighting       | 4 5 |  5.0
Long Blades    | 3 4 5 |  5.7
Dodging        | 1 2 |  2.1
Armour         | 4 |  4.5
Stealth        | 1 |  1.3

Action                   |  1- 3 |  4- 6 |  7- 9 || total
-------------------------+-------+-------+-------++-------
Melee: Long sword        |   100 |   155 |   174 ||   429
  Use: Scroll            |     2 |     1 |     7 ||    10
       Potion            |       |       |     3 ||     3
  Eat: Chunk             |       |     3 |     4 ||     7
       Royal jelly       |       |       |     1 ||     1
Armor: Scale mail        |    47 |    86 |    24 ||   157
       Quicksilver drago |       |       |     7 ||     7
       Skin              |       |       |     1 ||     1
Dodge: Dodged            |    44 |    71 |   110 ||   225
       Deflected         |     2 |     1 |       ||     3
Block: Shield            |    73 |   105 |   100 ||   278
       Rpst.: Long sword |    13 |    22 |    41 ||    76
